 Dungeon Sprint DCSS version 0.20-a0-1006-ge6c5631 (webtiles) character file.

6299 Roshambo the Black Belt (level 10, -4/76 HPs)
             Began as an Octopode Monk on Apr 14, 2017.
             Was a High Priest of Makhleb.
             Killed from afar by a catoblepas (9 damage)
             ... with a blast of calcifying dust
             ... in the Dungeon (Sprint IX: "|||||||||||||||||||||||||||||").
             The game lasted 00:02:55 (1757 turns).

Roshambo the Black Belt (Octopode Monk)             Turns: 1757, Time: 00:02:56

Health: -4/76      AC:  1    Str: 11    XL:     10   Next: 95%
Magic:  17/17      EV: 24    Int: 15    God:    Makhleb [*****.]
Gold:   0          SH:  0    Dex: 18    Spells: 9/9 levels left

rFire    . . .     SeeInvis .     - Unarmed
rCold    . . .     Gourm    .   (no shield)
rNeg     . . .     Faith    .   (helmet restricted)
rPois    .         Spirit   .   (no amulet)
rElec    .         Reflect  .   m - +2 ring of evasion
rCorr    .         Harm     .   l - +3 ring of intelligence
MR       .....     NoTele   +   (no ring)
Stlth    +++++++...             (no ring)
Regen    0.3/turn               (no ring)
MPRegen  0.2/turn               (no ring)
                                (no ring)
                                (no ring)

@: no status effects
A: almost no armour, stealthy swim, amphibious, 8 rings, constrict 8, camouflage
1, mutation resistance 1, gelatinous body 1
a: Minor Destruction, Lesser Servant of Makhleb, Major Destruction, Greater
Servant of Makhleb, Renounce Religion


You were in the Dungeon.
You worshipped Makhleb.
Makhleb was extremely pleased with you.
You were hungry.

You visited 1 branch

Inventory:

Jewellery
 l - a +3 ring of intelligence (right tentacle)
 m - a +2 ring of evasion (left tentacle)
Wands
 k - a wand of acid (0/15)
Scrolls
 g - 4 scrolls of blinking
 i - 3 scrolls of remove curse
 j - 2 scrolls of amnesia
 p - 3 scrolls of enchant armour
 q - a scroll of identify
 r - a scroll of fog
Potions
 b - 5 potions of curing
 c - 2 potions of heal wounds
 d - 2 potions of haste
 e - 4 potions of magic
 o - 2 potions of agility
Comestibles
 a - a bread ration


   Skills:
 + Level 9.9 Fighting
 + Level 11.4 Dodging
 + Level 13.8 Stealth
 * Level 16.3 Unarmed Combat
 * Level 10.1 Invocations


You had 9 spell levels left.
You didn't know any spells.

Dungeon Overview and Level Annotations

Branches:
Dungeon (1/1)

Altars:
Cheibriados
Dithmenos
Elyvilon
Fedhas
Gozag
Hepliaklqana
Kikubaaqudgha
Makhleb
Nemelex Xobeh
Okawaru
Qazlal
Ru
Sif Muna
Trog
Uskayaw
Vehumet
Wu Jian
Xom
Yredelemnul
Zin
The Shining One
Beogh
Jiyva
Lugonu


Innate Abilities, Weirdness & Mutations

You cannot wear most types of armour.
You are very stealthy in the water. (Stealth+)
You are amphibious.
You can wear up to eight rings at the same time.
You can use your tentacles to constrict eight enemies at once.
Your skin changes colour to match your surroundings (Stealth+).
Your rubbery body absorbs attacks. (AC +1, EV +1)
You are somewhat resistant to further mutation.


Message History

Your balrug stops moving altogether!
Your balrug is engulfed in calcifying dust. x2
Items here: ÷÷÷÷ a rime drake skeleton; a crocodile skeleton; a porcupine skeleton a crocodile skeleton Something gores your balrug!!
Your balrug is engulfed in calcifying dust.
There is an open door, spattered with blood here.
Your balrug is engulfed in calcifying dust.
Something gores your balrug!
Unknown command.
There is an open door to the Lair, spattered with blood here.
You start resting.
A catoblepas is nearby!
A demon appears!
Unknown command.
There is an open door to the Lair, spattered with blood here.
The catoblepas breathes a plume of calcifying dust at you.
The blast of calcifying dust hits you!
You die...

▓▓▓▓▓▓▓▓▓▓▓▓▓▓▓▓▓▓▓▓▓▓▓▓▓▓▓▓▓▓▓▓▓
'÷....')....'____________________
▓▓▓▓▓▓▓▓▓▓▓▓▓▓▓▓▓▓▓▓▓▓▓▓▓▓▓▓▓▓▓▓▓
.................................
▓▓▓▓▓▓▓▓▓▓▓▓▓▓▓▓▓▓▓▓▓▓▓▓▓▓▓▓▓▓▓▓▓
...'.....(.[...1@§§..YY....'÷....
▓▓▓▓▓▓▓▓▓▓▓▓▓▓▓▓▓▓▓▓▓▓▓▓▓▓▓▓▓▓▓▓▓


You could see a friendly Executioner.

Vanquished Creatures
  A two-headed ogre (D)
  A death yak (D)
  An elephant (D)
  A black mamba (D)
  A spiny frog (D)
  A gargoyle (D)
  A rime drake (D)
  3 komodo dragons (D)
  An efreet (D)
  A hippogriff (D)
  A basilisk (D)
  2 yaks (D)
  2 porcupines (D)
  3 orc warriors (D)
  2 centaurs (D)
  A wolf (D)
  3 crocodiles (D)
  4 bullfrogs (D)
  A crimson imp (D)
  A jelly (D)
  2 worker ants (D)
  A gnoll (D)
  An ooze (D)
  An adder zombie (D)
  A dart slug (D)
  A bat zombie (D)
  A goblin (D)
  A jackal (D)
  A giant cockroach zombie (D)
  A rat (D)
43 creatures vanquished.

Vanquished Creatures (collateral kills)
  A catoblepas (D)
1 creature vanquished.

Vanquished Creatures (others)
  A death yak (D)
1 creature vanquished.

Grand Total: 45 creatures vanquished

Notes
Turn   | Place    | Note
-------+----------+-------------------------------------------
     0 | D        | Roshambo the Octopode Monk began the quest for the Orb.
     0 | D        | Reached XP level 1. HP: 17/17 MP: 1/1
     9 | D        | Reached skill level 1 in Unarmed Combat
    12 | D        | Reached XP level 2. HP: 12/23 MP: 2/2
   302 | D        | Noticed a centaur
   306 | D        | Killed a centaur
   306 | D        | Reached skill level 5 in Fighting
   306 | D        | Reached skill level 3 in Unarmed Combat
   306 | D        | Reached XP level 3. HP: 30/30 MP: 3/3
   306 | D        | Reached XP level 4. HP: 36/36 MP: 4/4
   310 | D        | Reached skill level 4 in Unarmed Combat
   310 | D        | Reached XP level 5. HP: 41/41 MP: 5/5
   325 | D        | Found a roughly hewn altar of Beogh.
   325 | D        | Found a snail-covered altar of Cheibriados.
   325 | D        | Found a shadowy altar of Dithmenos.
   325 | D        | Found a white marble altar of Elyvilon.
   325 | D        | Found a blossoming altar of Fedhas.
   325 | D        | Found an opulent altar of Gozag.
   326 | D        | Found a hazy altar of Hepliaklqana.
   327 | D        | Found a viscous altar of Jiyva.
   328 | D        | Found an ancient bone altar of Kikubaaqudgha.
   329 | D        | Found a corrupted altar of Lugonu.
   330 | D        | Found a burning altar of Makhleb.
   331 | D        | Found a sparkling altar of Nemelex Xobeh.
   332 | D        | Found an iron altar of Okawaru.
   333 | D        | Found a stormy altar of Qazlal.
   334 | D        | Found a sacrificial altar of Ru.
   335 | D        | Found a deep blue altar of Sif Muna.
   336 | D        | Found a bloodstained altar of Trog.
   337 | D        | Found a hide-covered altar of Uskayaw.
   338 | D        | Became a worshipper of Makhleb the Destroyer
   338 | D        | Reached * piety under Makhleb
   338 | D        | Reached ** piety under Makhleb
   339 | D        | Found a radiant altar of Vehumet.
   340 | D        | Found an ornate altar of the Wu Jian Council.
   341 | D        | Found a shimmering altar of Xom.
   342 | D        | Found a basalt altar of Yredelemnul.
   343 | D        | Found a glowing silver altar of Zin.
   344 | D        | Found a glowing golden altar of the Shining One.
   370 | D        | Noticed an orc warrior
   370 | D        | Noticed a two-headed ogre
   370 | D        | Noticed an orc warrior
   376 | D        | Killed an orc warrior
   376 | D        | Reached skill level 5 in Unarmed Combat
   376 | D        | Reached XP level 6. HP: 33/49 MP: 5/7
   379 | D        | Killed a two-headed ogre
   379 | D        | Reached skill level 8 in Unarmed Combat
   379 | D        | Reached skill level 5 in Invocations
   379 | D        | Reached XP level 7. HP: 29/56 MP: 5/11
   379 | D        | Reached XP level 8. HP: 33/63 MP: 5/12
   381 | D        | Reached *** piety under Makhleb
   381 | D        | Reached skill level 9 in Unarmed Combat
   863 | D        | Noticed an efreet
   863 | D        | Noticed a gargoyle
   871 | D        | Killed an efreet
   871 | D        | Reached **** piety under Makhleb
   871 | D        | Reached skill level 10 in Unarmed Combat
   877 | D        | Reached skill level 10 in Dodging
   884 | D        | Killed a gargoyle
   884 | D        | Reached skill level 11 in Unarmed Combat
   884 | D        | Reached XP level 9. HP: 63/69 MP: 14/14
  1103 | D        | Gained mutation: You have an increased reservoir of magic. (+10% MP) [potion of mutation]
  1103 | D        | Gained mutation: You are clumsy. (Dex -2) [potion of mutation]
  1103 | D        | Gained mutation: Your flesh is cold resistant. (rC+) [potion of mutation]
  1104 | D        | Lost mutation: Your flesh is cold resistant. (rC+) [potion of mutation]
  1104 | D        | Lost mutation: You are clumsy. (Dex -2) [potion of mutation]
  1104 | D        | Lost mutation: You have an increased reservoir of magic. (+10% MP) [potion of mutation]
  1104 | D        | Gained mutation: You are somewhat resistant to further mutation. [potion of mutation]
  1105 | D        | Noticed a spiny frog
  1105 | D        | Noticed a komodo dragon
  1106 | D        | Noticed a komodo dragon
  1112 | D        | Killed a spiny frog
  1117 | D        | Noticed a komodo dragon
  1124 | D        | Killed a komodo dragon
  1124 | D        | Reached ***** piety under Makhleb
  1124 | D        | Reached skill level 12 in Unarmed Combat
  1149 | D        | HP: 1/69 [porcupine's spines (8)]
  1149 | D        | Reached skill level 13 in Unarmed Combat
  1158 | D        | Killed a komodo dragon
  1165 | D        | Killed a komodo dragon
  1165 | D        | Reached XP level 10. HP: 55/74 MP: 16/16
  1401 | D        | Noticed a black mamba
  1417 | D        | Noticed an elephant
  1419 | D        | Killed a black mamba
  1419 | D        | Reached skill level 14 in Unarmed Combat
  1421 | D        | Reached ****** piety under Makhleb
  1448 | D        | Killed an elephant
  1448 | D        | Reached skill level 15 in Unarmed Combat
  1660 | D        | Noticed a death yak
  1660 | D        | Noticed a catoblepas
  1660 | D        | Noticed a death yak
  1661 | D        | Noticed a catoblepas
  1684 | D        | Killed a death yak
  1703 | D        | HP: 3/76 [something/blast of calcifying dust (8)]
  1714 | D        | Killed a catoblepas
  1714 | D        | Reached skill level 16 in Unarmed Combat
  1714 | D        | Reached skill level 10 in Invocations
  1715 | D        | Killed a death yak
  1757 | D        | Killed from afar by a catoblepas

Vault maps used:
D:        linesprint

Skill      XL: |  1  2  3  4  5  6  7  8  9 10 |
---------------+-------------------------------+-----
Unarmed Combat | 1 3 4 5 8 11 13 16 | 16.3
Stealth        | 8 9 11 12 13 | 13.8
Fighting       | 5 6 7 8 9 |  9.9
Dodging        | 6 7 9 10 11 | 11.4
Invocations    | 2 5 7 8 10 | 10.1

Action                   |  1- 3 |  4- 6 |  7- 9 | 10-12 || total
-------------------------+-------+-------+-------+-------++-------
Melee: Unarmed           |    13 |    16 |    83 |    73 ||   185
       Tentacles         |     5 |     3 |    21 |    18 ||    47
       Constrict         |     2 |     5 |     9 |     3 ||    19
       Punch             |     1 |     1 |     8 |     6 ||    16
Invok: Greater Servant o |       |       |       |     2 ||     2
Evoke: Wand              |       |     3 |     4 |       ||     7
  Use: Potion            |     1 |       |     4 |     2 ||     7
 Stab: Sleeping          |     2 |       |     1 |     1 ||     4
       Invisible         |       |       |       |     4 ||     4
  Eat: Chunk             |       |       |     1 |     1 ||     2
Armor: Skin              |       |       |       |     1 ||     1
Dodge: Dodged            |     5 |     9 |    63 |    30 ||   107
